 Dungeon Crawl Stone Soup version 0.30-a0-739-gea05faddec (webtiles) character file.

Game seed: 14476693634765560813

148 holysushi the Conjurer (level 5, 37/37 HPs)
             Began as a Gnoll Conjurer on Feb 4, 2023.
             Was a Follower of Makhleb.
             Quit the game on level 3 of the Dungeon.
             The game lasted 00:02:40 (1873 turns).

holysushi the Conjurer (Gnoll Conjurer)             Turns: 1873, Time: 00:02:41

Health: 37/37      AC:  2    Str:  6    XL:     5   Next: 30%
Magic:  11/12      EV: 13    Int: 19    God:    Makhleb [*.....]
Gold:   53         SH:  0    Dex: 11    Spells: 8/14 levels left

rFire   . . .      SeeInvis .    g - +2 dagger (venom)
rCold   . . .      Faith    .    (no shield)
rNeg    . . .      Spirit   .    a - +0 robe
rPois   .          Reflect  .    (no helmet)
rElec   .          Harm     .    (no cloak)
rCorr   .          Rampage  .    (no gloves)
Will    .....                    (no boots)
Stlth   ++                       (no amulet)
HPRegen 0.26/turn                (no ring)
MPRegen 0.13/turn                (no ring)

@: no status effects
A: fangs 1, strong nose, distributed training
a: Renounce Religion


You were on level 3 of the Dungeon.
You worshipped Makhleb.
Makhleb was aware of your devotion.
You visited 1 branch of the dungeon, and saw 3 of its levels.

You collected 53 gold pieces.

Inventory:

Hand Weapons
 g - a +2 dagger of venom (weapon)
Armour
 a - a +0 robe (worn)
Scrolls
 c - 2 scrolls of blinking {unknown}
 d - a scroll of enchant armour {unknown}
 j - a scroll of teleportation {unknown}
 n - a scroll of brand weapon {unknown}
 o - 2 scrolls of identify {unknown}
Potions
 b - a potion of magic
 e - a potion of lignification {unknown}
 f - a potion of invisibility {unknown}
 h - 2 potions of degeneration {unknown}
 i - 2 potions of flight {unknown}
 k - 2 potions of resistance {unknown}
 l - a potion of berserk rage {unknown}
 m - 2 potions of heal wounds {unknown}
 p - a potion of cancellation {unknown}
 q - a potion of mutation {unknown}


   Skills:
 + Level 1.5 Fighting
 + Level 1.5 Short Blades
 + Level 1.5 Long Blades
 + Level 1.5 Axes
 + Level 1.5 Maces & Flails
 + Level 1.5 Polearms
 + Level 1.5 Staves
 + Level 1.5 Ranged Weapons
 + Level 1.5 Throwing
 + Level 1.5 Armour
 + Level 4.8 Dodging
 + Level 4.4 Stealth
 + Level 1.5 Shields
 + Level 1.5 Unarmed Combat
 + Level 5.2 Spellcasting
 + Level 7.2 Conjurations
 + Level 1.2 Hexes
 + Level 1.2 Summonings
 + Level 1.2 Necromancy
 + Level 1.2 Translocations
 + Level 1.2 Transmutations
 + Level 1.2 Fire Magic
 + Level 1.2 Ice Magic
 + Level 1.2 Air Magic
 + Level 1.2 Earth Magic
 + Level 1.2 Poison Magic
 + Level 1.7 Invocations
 + Level 1.5 Evocations


You had 8 spell levels left.
You knew the following spells:

 Your Spells              Type           Power      Damage    Failure   Level
a - Magic Dart            Conj           100%       1d8       1%          1
b - Searing Ray           Conj           64%        2d6       1%          2
c - Dazzling Flash        Conj/Hex       40%        N/A       6%          3

Your spell library contained the following spells:

 Spells                   Type           Power      Damage    Failure   Level
 Fulminant Prism          Conj/Hex       10%        3d9       22%         4
 Iskenderun's Mystic Bla  Conj/Tloc      20%        2d6       22%         4


Dungeon Overview and Level Annotations

Branches:
Dungeon (3/15) Zot: 16128

Altars:
Makhleb
Yredelemnul


Innate Abilities, Weirdness & Mutations

You have very sharp teeth.
Your uncanny sense of smell can sniff out nearby items.
Your experience applies equally to all skills.


Message History

The magic dart hits the dart slug!
The dart slug is almost dead.
The dart slug briefly extends its eye-stalks.
Casting: Magic Dart (safe; 1% risk of failure)
Confirm with . or Enter, or press ? or * to list all spells.
Aiming: Magic Dart (safe; 1% risk of failure)
Press: ? - help, Shift-Dir - straight line, f/p - dart slug
Aim: a dart slug (almost dead, 100% to hit)
The magic dart hits the dart slug.
You kill the dart slug!
Makhleb accepts your kill.
You start resting.
Magic restored.
Found an escape hatch in the ceiling.
A kobold comes into view. It is wielding a +0 club.
The kobold shouts!
A kobold is nearby!
A kobold is nearby!
A kobold is nearby!
Casting: Magic Dart (safe; 1% risk of failure)
Confirm with . or Enter, or press ? or * to list all spells.
Aiming: Magic Dart (safe; 1% risk of failure)
Press: ? - help, Shift-Dir - straight line, f - kobold
Aim: a kobold, wielding a +0 club (100% to hit)
The magic dart hits the kobold.
You kill the kobold!
Makhleb accepts your kill.
Casting: Magic Dart (safe; 1% risk of failure)
Confirm with . or Enter, or press ? or * to list all spells.
Aiming: Magic Dart (safe; 1% risk of failure)
Press: ? - help, Shift-Dir - straight line, f - you That beam is likely to hit you.
Continue anyway? [Y]es or [N]o only, please.
That beam is likely to hit you.
Continue anyway? [Y]es or [N]o only, please.
That beam is likely to hit you.
Continue anyway? [Y]es or [N]o only, please.
That beam is likely to hit you.
Continue anyway?
Okay, then.
Are you sure you want to abandon this character and quit the game? (Confirm with "yes".)

∆ #. ### #.. ..# #..
#.# #.# #.# #.# #.# #.#
#.# #<######.# #.#
#.@)...... #.#
#.######.# #.# #.# #.#
#.# #.# #.# #.# #.# #.#
#.#
#.#############.######.
#......................


There were no monsters in sight!

Vanquished Creatures
  Natasha (thrice) (D:2)
  2 adders (D:2)
  5 dart slugs
  4 endoplasms
  A giant cockroach (D:1)
  4 goblins (D:1)
  4 hobgoblins
  2 jackals (D:2)
  A quokka (D:1)
  5 ball pythons
  5 bats
  2 frilled lizards (D:1)
  7 kobolds
  2 rats
47 creatures vanquished.

Notes
Turn   | Place    | Note
-------+----------+-------------------------------------------
     0 | D:1      | holysushi the Gnoll Conjurer began the quest for the Orb.
     0 | D:1      | Reached XP level 1. HP: 13/13 MP: 6/6
   143 | D:1      | Reached XP level 2. HP: 19/19 MP: 5/7
   546 | D:1      | Reached skill level 5 in Spellcasting
   546 | D:1      | Reached XP level 3. HP: 23/25 MP: 7/9
   709 | D:1      | Learned a level 2 spell: Searing Ray
   713 | D:1      | Learned a level 3 spell: Dazzling Flash
   818 | D:1      | Reached skill level 1 in Invocations
  1056 | D:2      | Noticed Natasha
  1064 | D:2      | Killed Natasha
  1065 | D:2      | Reached skill level 1 in Fighting
  1065 | D:2      | Reached skill level 1 in Short Blades
  1065 | D:2      | Reached skill level 1 in Long Blades
  1065 | D:2      | Reached skill level 1 in Axes
  1065 | D:2      | Reached skill level 1 in Maces & Flails
  1065 | D:2      | Reached skill level 1 in Polearms
  1065 | D:2      | Reached skill level 1 in Staves
  1065 | D:2      | Reached skill level 1 in Ranged Weapons
  1065 | D:2      | Reached skill level 1 in Throwing
  1065 | D:2      | Reached skill level 1 in Armour
  1065 | D:2      | Reached skill level 1 in Shields
  1065 | D:2      | Reached skill level 1 in Unarmed Combat
  1065 | D:2      | Reached skill level 1 in Evocations
  1065 | D:2      | Reached XP level 4. HP: 32/32 MP: 4/11
  1119 | D:2      | Noticed Natasha
  1127 | D:2      | Killed Natasha
  1128 | D:2      | Reached skill level 1 in Hexes
  1128 | D:2      | Reached skill level 1 in Summonings
  1128 | D:2      | Reached skill level 1 in Necromancy
  1128 | D:2      | Reached skill level 1 in Translocations
  1128 | D:2      | Reached skill level 1 in Transmutations
  1128 | D:2      | Reached skill level 1 in Fire Magic
  1128 | D:2      | Reached skill level 1 in Ice Magic
  1128 | D:2      | Reached skill level 1 in Air Magic
  1128 | D:2      | Reached skill level 1 in Earth Magic
  1128 | D:2      | Reached skill level 1 in Poison Magic
  1225 | D:2      | Found a basalt altar of Yredelemnul.
  1357 | D:2      | Noticed Natasha
  1383 | D:2      | Reached XP level 5. HP: 37/37 MP: 7/12
  1397 | D:2      | Killed Natasha
  1663 | D:2      | Found a faded altar of an unknown god.
  1672 | D:2      | Prayed at the altar of an unknown god.
  1672 | D:2      | Became a worshipper of Makhleb the Destroyer
  1672 | D:2      | Reached * piety under Makhleb
  1873 | D:3      | Quit the game

Illustrated notes

Levels and vault maps discovered:
D:1:      erik_arrival_triangle_medium, layout_basic, minmay_pentomino_u4
D:2:      layout_rooms, basic_altar, hellmonk_ecumenical_altar_arch_garden,
          minmay_misc_feat_nine_boxes, uniq_natasha
D:3:      layout_basic, minmay_misc_feat_roman

Skill      XL: |  1  2  3  4 |
---------------+-------------+-----
Spellcasting   | 5 |  5.2
Invocations    | 1 |  1.7
Fighting       | 1 |  1.5
Short Blades   | 1 |  1.5
Long Blades    | 1 |  1.5
Axes           | 1 |  1.5
Maces & Flails | 1 |  1.5
Polearms       | 1 |  1.5
Staves         | 1 |  1.5
Ranged Weapons | 1 |  1.5
Throwing       | 1 |  1.5
Armour         | 1 |  1.5
Shields        | 1 |  1.5
Unarmed Combat | 1 |  1.5
Evocations     | 1 |  1.5
Hexes          | 1 |  1.2
Summonings     | 1 |  1.2
Necromancy     | 1 |  1.2
Translocations | 1 |  1.2
Transmutations | 1 |  1.2
Fire Magic     | 1 |  1.2
Ice Magic      | 1 |  1.2
Air Magic      | 1 |  1.2
Earth Magic    | 1 |  1.2
Poison Magic   | 1 |  1.2
Dodging        | |  4.8
Stealth        | |  4.4
Conjurations   | |  7.2

Action                     |  1- 3 |  4- 6 || total
---------------------------+-------+-------++-------
  Melee: Dagger            |     9 |     5 ||    14
         Bite              |     1 |       ||     1
   Cast: Magic Dart        |    49 |    42 ||    91
         Dazzling Flash    |     1 |       ||     1
   Stab: Invisible         |     1 |       ||     1
 Armour: Robe              |     1 |       ||     1
  Dodge: Dodged            |    18 |     8 ||    26

Table legend: (Time is in decaauts)
 A = Elapsed time spent in this place.
 B = Non-inter-level travel time spent in this place.
 C = Inter-level travel time spent in this place.
 D = Time resting spent in this place.
 E = Time spent auto-exploring this place.
 F = Levels seen in this place.
 G = Mean time per level.
                   A        B        C        D        E       F      G
               +--------+--------+--------+--------+--------+-----+--------+
         Total |   1871 |   1842 |     29 |    412 |   1173 |   3 |  623.7 |
       Dungeon |   1871 |   1842 |     29 |    412 |   1173 |   3 |  623.7 |
               +--------+--------+--------+--------+--------+-----+--------+

Top non-repeatable levels by time:
     D:1: 1000 daAuts
     D:2: 723 daAuts
     D:3: 147 daAuts
